 Dungeon Crawl Stone Soup version 0.26-a0-154-g3d63440f56 (webtiles) character file.

Game seed: 8566043041699202889

154 MrRokkomies the Bolt Thrower (level 5, -4/33 HPs)
             Began as a Kobold Hunter on July 1, 2020.
             Slain by an orc
             ... wielding a +0 morningstar
              (10 damage)
             ... on level 3 of the Dungeon.
             The game lasted 00:04:21 (2234 turns).

MrRokkomies the Bolt Thrower (Kobold Hunter)        Turns: 2234, Time: 00:04:22

Health: -4/33      AC:  3    Str: 10    XL:     5   Next: 63%
Magic:  5/5        EV: 15    Int: 12    God:
Gold:   65         SH:  0    Dex: 16    Spells: 4/4 levels left

rFire    . . .     SeeInvis .   b - +4 dagger
rCold    . . .     Faith    .   (shield restricted)
rNeg     . . .     Spirit   .   c - +0 leather armour
rPois    .         Reflect  .   (no helmet)
rElec    .         Harm     .   (no cloak)
rCorr    .                      (no gloves)
MR       .....                  (no boots)
Stlth    ++........             (no amulet)
HPRegen  0.11/turn              (no ring)
MPRegen  0.09/turn              (no ring)

@: hasted, very quick
A: small, carnivore
a: no special abilities


You were on level 3 of the Dungeon.
You were completely stuffed.

You visited 1 branch of the dungeon, and saw 3 of its levels.

You collected 65 gold pieces.

Inventory:

Hand Weapons
 a - a +1 hand crossbow
 b - a +4 dagger (weapon)
 h - a +0 short sword
 l - a +2 antimagic mace
Missiles
 d - 7 bolts
 g - 10 poisoned darts (quivered)
Armour
 c - a +0 leather armour (worn)
Scrolls
 e - a scroll of teleportation
Potions
 j - a potion of flight
 o - a potion of invisibility {unknown}
Comestibles
 f - 2 rations
 i - 2 chunks of flesh


   Skills:
 * Level 3.7 Fighting
 * Level 6.0 Crossbows
 + Level 3.4 Dodging
 + Level 3.2 Stealth


You had 4 spell levels left.
You didn't know any spells.
Your spell library was empty.

Dungeon Overview and Level Annotations

Branches:
Dungeon (3/15)

Altars:
Cheibriados


Innate Abilities, Weirdness & Mutations

You are small and have problems with some larger weapons.
You are carnivorous and can eat meat at any time.


Message History

Aim: a hobgoblin You shoot a bolt.
The bolt hits the hobgoblin!
You kill the hobgoblin!
The orc misses you. The orc hits you with a +0 falchion.
Firing (i - inventory. (/) - cycle)
d - 8 bolts (quivered)
Press: ? - help, Shift-Dir - straight line, f - orc
Aim: an orc, wielding a +0 morningstar and wearing a +0 leather armour You shoot a bolt.
The bolt closely misses the orc.
The orc barely misses you. The orc hits you with a +0 falchion.
You are too injured to fight recklessly!
You are too injured to fight recklessly!
You are too injured to fight recklessly!
You are too injured to fight recklessly!
You are too injured to fight recklessly!
b - a +4 dagger (weapon)
The orc hits you with a +0 morningstar!
* * * LOW HITPOINT WARNING * * *
It was a potion of haste.
You feel yourself speed up. The orc barely misses you.
The orc hits you with a +0 morningstar!
You die...

#### #######
.....#.....##
............##
.......@o...(#
.......(o....#
.......)(.?..#
.............#
.............#
.............#
#...........##
##...#.....(.


You could see 2 orcs.

Vanquished Creatures
  A bullfrog (D:2)
  2 adders (D:2)
  A worm (D:2)
  A dart slug (D:2)
  A leopard gecko (D:3)
  2 orcs (D:3)
  2 giant cockroaches (D:1)
  8 goblins
  7 hobgoblins
  13 jackals (D:2)
  6 kobolds
  6 bats
  A frilled lizard (D:2)
  8 rats
59 creatures vanquished.

Notes
Turn   | Place    | Note
-------+----------+-------------------------------------------
     0 | D:1      | MrRokkomies the Kobold Hunter began the quest for the Orb.
     0 | D:1      | Reached XP level 1. HP: 12/12 MP: 1/1
   105 | D:1      | Reached skill level 5 in Crossbows
   105 | D:1      | Reached XP level 2. HP: 7/18 MP: 0/2
   769 | D:1      | Reached XP level 3. HP: 17/22 MP: 1/3
   964 | D:2      | Noticed a bullfrog
   996 | D:2      | Killed a bullfrog
   996 | D:2      | Reached XP level 4. HP: 14/28 MP: 1/4
  1167 | D:2      | Reached XP level 5. HP: 32/32 MP: 5/5
  1606 | D:2      | Found a snail-covered altar of Cheibriados.
  2217 | D:2      | Reached skill level 6 in Crossbows
  2234 | D:3      | Slain by an orc

Illustrated notes

Levels and vault maps discovered:
D:1:      wander_arrival_estate, layout_basic
D:2:      layout_basic, nicolae_overflow_hidden_temple
D:3:      layout_rooms, first_ration, minmay_cupped

Skill      XL: |  1  2  3  4  5 |
---------------+----------------+-----
Crossbows      | 5 6 |  6.0
Stealth        | 2 3 |  3.2
Fighting       | 3 |  3.7
Dodging        | 3 |  3.4

Action                   |  1- 3 |  4- 6 || total
-------------------------+-------+-------++-------
Melee: Mace              |    44 |    58 ||   102
       Dagger            |       |    14 ||    14
 Fire: Hand crossbow     |    18 |    22 ||    40
  Use: Scroll            |     2 |     2 ||     4
       Potion            |       |     1 ||     1
 Stab: Sleeping          |       |     3 ||     3
  Eat: Chunk             |     9 |     4 ||    13
Armor: Leather armour    |     9 |    25 ||    34
Dodge: Dodged            |    64 |    69 ||   133

Table legend:
 A = Non-vault XP
 B = Vault XP
 C = Vault XP percentage of total XP
 D = Non-vault monster count
 E = Vault monster count
 F = Vault count percentage of total count
                 A         B        C        D         E       F
            +---------+---------+-------+---------+---------+-------
      Total |     221 |       0 |   0.0 |      59 |       0 |   0.0
            +---------+---------+-------+---------+---------+-------
        D:1 |      33 |       0 |   0.0 |      21 |       0 |   0.0
        D:2 |     177 |       0 |   0.0 |      34 |       0 |   0.0
        D:3 |      11 |       0 |   0.0 |       4 |       0 |   0.0
            +---------+---------+-------+---------+---------+-------
